 Dungeon Crawl Stone Soup version 0.27-a0-1196-g3e9cee4cb2 (webtiles) character file.

Game seed: 16990425274298398947

21 EnegeticOcto the Stinger (level 2, -7/20 HPs)
             Began as a Gnoll Venom Mage on May 27, 2021.
             Killed by nerve-wracking pain
             ... invoked by an orc priest
              (12 damage)
             ... on level 5 of the Dungeon.
             The game lasted 00:02:21 (234 turns).

EnegeticOcto the Stinger (Gnoll Venom Mage)          Turns: 234, Time: 00:02:22

Health: -7/20      AC:  2    Str:  7    XL:     2   Next: 83%
Magic:  0/7        EV: 13    Int: 14    God:
Gold:   16         SH:  0    Dex: 12    Spells: 7/10 levels left

rFire    . . .     SeeInvis .   f - +3 short sword
rCold    . . .     Faith    .   (no shield)
rNeg     . . .     Spirit   .   a - +0 robe
rPois    .         Reflect  .   (no helmet)
rElec    .         Harm     .   (no cloak)
rCorr    .         Rampage  .   (no gloves)
Will     .....                  (no boots)
Stlth    ++........             (no amulet)
HPRegen  0.06/turn              c - ring of wizardry
MPRegen  0.10/turn              (no ring)

@: no status effects
A: fangs 1, strong nose, distributed training
a: no special abilities


You were on level 5 of the Dungeon.
You visited 1 branch of the dungeon, and saw 5 of its levels.

You collected 16 gold pieces.

Inventory:

Hand Weapons
 f - a +3 short sword (weapon)
   (You took it off an orc on level 5 of the Dungeon)
Missiles
 d - 12 poisoned darts
Armour
 a - a +0 robe (worn)
 e - a +0 leather armour of fire resistance
   (You took it off an orc on level 5 of the Dungeon)
Jewellery
 c - a ring of wizardry (left hand)
   (You found it on level 2 of the Dungeon)
Scrolls
 b - a scroll of identify {unknown}
 g - a scroll of vulnerability {unknown}


   Skills:
 + Level 0.5 Fighting
 + Level 0.5 Short Blades
 + Level 0.5 Long Blades
 + Level 0.5 Axes
 + Level 0.5 Maces & Flails
 + Level 0.5 Polearms
 + Level 0.5 Staves
 + Level 0.5 Slings
 + Level 0.5 Bows
 + Level 0.5 Crossbows
 + Level 0.5 Throwing
 + Level 0.5 Armour
 + Level 4.5 Dodging
 + Level 4.1 Stealth
 + Level 0.5 Shields
 + Level 0.5 Unarmed Combat
 + Level 4.9 Spellcasting
 + Level 0.3 Conjurations
 + Level 0.3 Hexes
 + Level 0.3 Summonings
 + Level 0.3 Necromancy
 + Level 0.3 Translocations
 + Level 2.0 Transmutations
 + Level 0.3 Fire Magic
 + Level 0.3 Ice Magic
 + Level 0.3 Air Magic
 + Level 0.3 Earth Magic
 + Level 5.3 Poison Magic
 + Level 0.6 Invocations
 + Level 0.5 Evocations


You had 7 spell levels left.
You knew the following spells:

 Your Spells              Type           Power      Damage    Failure   Level
a - Sting                 Tmut/Pois      52%        1d5       1%          1
b - Poisonous Vapours     Pois/Air       22%        N/A       3%          2

Your spell library contained the following spells:

 Spells                   Type           Power      Damage    Failure   Level
 Ignite Poison            Fire/Tmut/Pois 10%        N/A       8%          3
 Olgreb's Toxic Radiance  Pois           18%        N/A       8%          4
 Mephitic Cloud           Conj/Pois/Air  9%         N/A       9%          3


Dungeon Overview and Level Annotations

Branches:
Dungeon (5/15)
 Temple: D:4-7

Altars:
Ru


Innate Abilities, Weirdness & Mutations

You have very sharp teeth.
Your uncanny sense of smell can sniff out nearby items.
Your experience applies equally to all skills.


Message History

You kill the orc!
Casting: Poisonous Vapours (safe; 3% risk of failure)
Confirm with . or Enter, or press ? or * to list all spells.
Aiming: Poisonous Vapours (safe; 3% risk of failure)
Press: ? - help, Dir - move target, f - orc
Aim: an orc, wielding a +0 hand axe and wearing a +0 leather armour of fire resistance Poisonous vapours surround the orc!
The orc hits you but does no damage.
The orc is engulfed in poison gas.
The orc is poisoned.
You hit the orc but do no damage.
The orc is almost dead.
You kill the orc!
You hit the orc. Your bite misses the orc.
The orc is lightly wounded.
The orc barely misses you.
You hit the orc but do no damage.
The orc is lightly wounded.
The orc hits you with a +0 mace.
You hit the orc but do no damage.
The orc is lightly wounded.
The orc hits you but does no damage.
Unknown command.
You closely miss the orc.
The orc is lightly wounded.
The orc looks more healthy.
The orc barely misses you.
You hit the orc but do no damage.
The orc is lightly wounded.
The orc hits you with a +0 mace!
* * * LOW HITPOINT WARNING * * *
Casting: Poisonous Vapours (safe; 3% risk of failure)
Confirm with . or Enter, or press ? or * to list all spells.
Aiming: Sting (safe; 1% risk of failure)
Press: ? - help, Shift-Dir - straight line, f/p - orc
Aim: an orc, wielding a +0 hand axe and wearing a +0 leather armour of fire resistance (heavily wounded, poisoned, 71% to hit)
The sting hits the orc.
The orc is poisoned.
The orc is severely wounded.
The orc misses you.
Unknown command.
You kill the orc!
There is an open door here.
Casting: Sting (safe; 1% risk of failure)
Confirm with . or Enter, or press ? or * to list all spells.
Aiming: Sting (safe; 1% risk of failure)
Press: ? - help, Shift-Dir - straight line, f - orc
Aim: an orc, wielding a +3 short sword (heavily wounded, 71% to hit)
The sting hits the orc.
The orc is poisoned.
You kill the orc!
You see here 21 arrows.
You see here a +0 ring mail.
You hear the slow hiss of a very distant avalanche of sand.
Casting: Sting (safe; 1% risk of failure)
Confirm with . or Enter, or press ? or * to list all spells.
Aiming: Sting (safe; 1% risk of failure)
Press: ? - help, Shift-Dir - straight line, f - orc
Aim: an orc, wielding a +0 hand axe and wearing a +0 leather armour of fire resistance (heavily wounded, 71% to hit)
The sting hits the orc.
The orc is poisoned.
The orc is severely wounded.
You kill the orc!
Items here: ) [[ †.
e - a +0 leather armour of fire resistance You see here 21 arrows.
There is an open door here.
Things that are here:
a +3 short sword; an orc corpse
f - a +3 short sword (weapon)
You see here a +0 mace.
There is an open door here.
Things that are here:
a +0 mace; a +0 ring mail; an orc corpse
g - a scroll labelled GAHYNA VYRPHUFF You open the door.
Found 25 sling bullets.
An orc and an orc priest come into view.
There is an open door here.
An orc warrior comes into view. It is wielding a +2 battleaxe of venom.
The orc shouts!
The orc warrior shouts!
The orc priest casts a cantrip, but nothing happens.
An orc wizard comes into view. It is wielding a +0 dagger.
You hear a shout!
You see here 25 sling bullets.
There is an open door here.
Casting: Sting (safe; 1% risk of failure)
Confirm with . or Enter, or press ? or * to list all spells.
Aiming: Poisonous Vapours (safe; 3% risk of failure)
Press: ? - help, Dir - move target, f - orc priest
Aim: an orc priest, wielding a +0 club and wearing a +0 scale mail Poisonous vapours surround the orc priest!
The orc priest is engulfed in poison gas.
The orc priest is poisoned.
Casting: Poisonous Vapours (safe; 3% risk of failure)
Confirm with . or Enter, or press ? or * to list all spells.
Aiming: Sting (safe; 1% risk of failure)
Press: ? - help, Shift-Dir - straight line, f/p - orc priest
Aim: an orc priest, wielding a +0 club and wearing a +0 scale mail (severely wounded, poisoned, 75% to hit)
The sting hits the orc priest but does no damage.
The orc priest looks even sicker.
The orc priest is severely wounded.
The orc priest invokes the aid of Beogh against you.
Pain shoots through your body!
Ouch! That really hurt!
You die...

#.†..# #
###########.###..##
+..................
######)###.#....##
###)###.#.#.##
#..).##.# . ..
#....##.# ## ##
#....##.# #..@.##.#
#....##.# ###o###.#
#o# #.# o........#
###.o....# #o.....#
#......# #......#


You could see an orc warrior and an orc priest (very poisoned).

Vanquished Creatures
  2 worms (D:2)
  6 orcs
  A ball python (D:4)
9 creatures vanquished.

Notes
Turn   | Place    | Note
-------+----------+-------------------------------------------
     0 | D:1      | EnegeticOcto the Gnoll Venom Mage began the quest for the
                  | Orb.
     0 | D:1      | Reached XP level 1. HP: 13/13 MP: 6/6
    94 | D:2      | Reached skill level 2 in Transmutations
    94 | D:2      | Reached XP level 2. HP: 5/19 MP: 2/7
   112 | D:2      | Learned a level 2 spell: Poisonous Vapours
   139 | D:4      | Found a sacrificial altar of Ru.
   149 | D:5      | Entered Level 5 of the Dungeon
   229 | D:5      | Noticed an orc warrior
   234 | D:5      | Killed from afar by an orc priest

Illustrated notes

Levels and vault maps discovered:
D:1:      onia_arrival_mini_spirals, layout_basic,
          chequers_ecumenical_altar_simple
D:2:      layout_loops_ring, kennysheep_generic_room_15
D:3:      layout_loops_ring, lemuel_round_altar, minitemple,
          gammafunk_ghost_icy, palyth_stone_intersect, hangedman_glass_teeth,
          hex_tiny
D:4:      minmay_recursive_quarters, layout_basic, lemuel_crystal_altar,
          uniq_eustachio, uniq_duvessa
D:5:      black_bear_nest_2, layout_basic, enter_ossuary_2,
          minmay_misc_feat_iff, kennysheep_generic_room_11

Skill      XL: |  1 |
---------------+----+-----
Transmutations | 2 |  2.0
Fighting       | |  0.5
Short Blades   | |  0.5
Long Blades    | |  0.5
Axes           | |  0.5
Maces & Flails | |  0.5
Polearms       | |  0.5
Staves         | |  0.5
Slings         | |  0.5
Bows           | |  0.5
Crossbows      | |  0.5
Throwing       | |  0.5
Armour         | |  0.5
Dodging        | |  4.5
Stealth        | |  4.1
Shields        | |  0.5
Unarmed Combat | |  0.5
Spellcasting   | |  4.9
Conjurations   | |  0.3
Hexes          | |  0.3
Summonings     | |  0.3
Necromancy     | |  0.3
Translocations | |  0.3
Fire Magic     | |  0.3
Ice Magic      | |  0.3
Air Magic      | |  0.3
Earth Magic    | |  0.3
Poison Magic   | |  5.3
Invocations    | |  0.6
Evocations     | |  0.5

Action                   || total
-------------------------++-------
Melee: Unarmed           ||     6
 Cast: Sting             ||    13
       Poisonous Vapours ||     5
Armor: Robe              ||     2
Dodge: Dodged            ||     3

Table legend: (Time is in decaauts)
 A = Elapsed time spent in this place.
 B = Non-inter-level travel time spent in this place.
 C = Inter-level travel time spent in this place.
 D = Time resting spent in this place.
 E = Time spent auto-exploring this place.
 F = Levels seen in this place.
 G = Mean time per level.
                   A        B        C        D        E       F      G
               +--------+--------+--------+--------+--------+-----+--------+
         Total |    232 |    232 |      0 |      0 |      0 |   5 |   46.4 |
       Dungeon |    232 |    232 |      0 |      0 |      0 |   5 |   46.4 |
               +--------+--------+--------+--------+--------+-----+--------+

Top non-repeatable levels by time:
     D:5: 84 daAuts
     D:2: 70 daAuts
     D:1: 41 daAuts
     D:3: 27 daAuts
     D:4: 9 daAuts
